Map: Kairos Junction LE

Players

Odin

  • Race: Protoss Protoss
  • League: Gold
  • Spawn Location: 11:00

HighTreeson - Winner!

  • Race: Zerg Zerg
  • League: Gold
  • Spawn Location: 5:00

VOD

Have the link to the VOD?

Description

Time

  • Played on: Dec. 12, 2018, 10:26 p.m.
  • Length: 25:11
Show
View Real Time Build Order
Export as new Build Order

Odin Protoss 

Build Orders: Phoenix Opening 

Get SALT Encoding   

  12  0:03  Probe  
  13  0:18  Probe  
  13  0:19  Pylon  
  13  0:28  Probe  
  15  0:41  Gateway  
  15  0:45  Probe  
  15  0:48  Assimilator  
  16  0:58  Probe  
  17  1:17  Probe  
  17  1:25  Probe  
  18  1:26  Assimilator  
  18  1:28  Pylon  
  19  1:33  Probe  
  20  1:46  Cybernetics Core  
  20  2:07  Gateway  
  20  2:08  Probe  
  21  2:22  Warp Gate  
  21  2:23  Adept, Probe  
  24  2:36  Probe  
  25  2:50  Stalker  
  27  2:56  Stargate  
  27  3:02  Probe  
  28  3:12  Nexus, Adept  
  30  3:19  Assimilator  
  30  3:29  Pylon  
  30  3:38  Pylon  
  30  3:47  Sentry  
  35  3:50  Phoenix  
  34  3:58  Pylon  
  34  4:02  Probe  
  35  4:14  Probe  
  36  4:23  Probe  
  37  4:25  Phoenix  
  37  4:26  Probe  
  40  4:32  Robotics Facility  
  40  4:36  Probe  
  40  4:38  Probe  
  42  4:40  Assimilator  
  42  4:50  Probe  
  42  4:52  Phoenix  
  45  4:59  Stargate  
  45  5:00  Stalker  
  45  5:01  Stalker  
  45  5:04  Probe  
  50  5:12  Probe  
  51  5:16  Probe  
  52  5:27  Phoenix  
  54  5:31  Immortal  
  54  5:35  Pylon  
  58  5:36  Probe  
  58  5:39  Probe  
  60  5:45  Phoenix  
  62  6:10  Phoenix  
  64  6:11  Phoenix  
  66  6:30  Phoenix  
  66  6:31  Phoenix  
  70  6:42  Probe x2  
  72  6:52  Shield Battery  
  72  6:53  Shield Battery  
  72  6:54  Probe x2  
  72  6:59  Phoenix  
  72  7:00  Phoenix  
  78  7:07  Pylon  
  78  7:10  Pylon  
  78  7:25  Immortal  
  80  7:43  Phoenix x2  
  82  7:56  Protoss Air Weapons Level 1  
  82  8:31  Adept  
  82  8:33  Adept  
  66  8:56  Adept  
  66  8:57  Adept  
  68  9:08  Phoenix x2  
  68  9:38  Adept  
  68  9:39  Adept  
  72  9:52  Phoenix x2  
  76  10:13  Robotics Bay  
  68  11:03  Robotics Facility  
  68  11:17  Colossus  
  68  11:20  Extended Thermal Lance  
  68  11:24  Gateway  
  74  11:28  Gateway  
  74  11:29  Gateway  
  74  11:31  Gateway  
  74  11:34  Gateway  
  74  11:36  Gateway  
  74  11:41  Forge  
  74  11:43  Forge  
  74  12:00  Nexus  
  74  12:02  Pylon  
  74  12:03  Colossus  
  74  12:05  Stalker x2  
  84  12:15  Pylon  
  82  13:03  Colossus  
  88  13:06  Colossus  
  94  13:16  Gateway  
  94  13:17  Gateway  
  94  13:21  Twilight Council  
  94  13:22  Phoenix  
  94  13:23  Phoenix  
  98  14:27  Zealot x5  
  105  14:37  Charge  
  101  14:43  Stalker x2  
  99  15:03  Protoss Ground Weapons Level 1, Protoss Ground Armor Level 1  
  99  15:12  Probe  
  99  15:13  Probe x2  
  102  15:24  Probe  
  102  15:25  Probe x2  
  105  15:35  Nexus  
  105  15:36  Probe, Pylon  
  105  15:37  Assimilator  
  105  15:38  Assimilator  
  105  15:39  Zealot x5, Pylon  
  116  15:44  Pylon  
  116  15:45  Pylon  
  116  15:52  Fleet Beacon  
  96  16:51  Tempest  
  96  16:52  Tempest  
  106  16:59  Probe x3  
  109  17:02  Assimilator  
  109  17:05  Assimilator  
  109  17:08  Photon Cannon  
  109  17:09  Photon Cannon  
  109  17:11  Probe x2, Photon Cannon  
  109  17:12  Probe, Photon Cannon  
  109  17:15  Shield Battery  
  112  17:16  Shield Battery  
  112  17:18  Shield Battery  
  112  17:19  Shield Battery  
  112  17:23  Probe  
  112  18:08  Probe x3  
  112  18:11  Nexus  
  115  18:13  Pylon  
  115  18:15  Protoss Air Weapons Level 2  
  115  18:17  Protoss Ground Weapons Level 2, Protoss Ground Armor Level 2  
  115  18:18  Tempest  
  115  18:19  Colossus, Tempest  
  125  18:20  Probe x3  
  125  18:21  Colossus  
  125  18:24  Anion Pulse-Crystals  
  140  18:32  Probe x3  
  143  18:44  Probe x3  
  143  18:48  Photon Cannon  
  146  18:49  Photon Cannon  
  146  18:51  Photon Cannon  
  139  18:56  Probe x3  
  142  19:15  Nexus  
  114  19:19  Assimilator  
  114  19:20  Zealot  
  114  19:21  Zealot x9  
  114  19:23  Assimilator  
  108  19:25  Pylon  
  82  19:47  Stalker  
  82  19:49  Stalker x7  
  82  19:50  Stalker  
  60  20:24  Colossus x2  
  60  20:26  Carrier  
  74  20:38  Photon Cannon  
  74  20:41  Stalker  
  74  20:42  Stalker x3  
  82  20:46  Sentry x3  
  82  20:47  Sentry  
  84  21:26  Stalker x4  
  84  21:27  Stalker x6  
  104  21:52  Warp Prism  
  106  21:55  Stalker x3  
  112  22:07  Zealot x4  
  112  22:08  Zealot x3  
  100  22:39  Immortal  
  74  23:00  Stalker x2  
  74  23:05  Zealot x6  
  72  23:28  Stalker x3  
  68  23:38  Stalker x2  
  72  23:51  Immortal  
  72  23:53  Zealot x3  
  72  23:54  Zealot x5  
  90  24:05  Stalker  
  66  24:24  Stalker x2  
  66  24:25  Stalker  
  66  24:27  Zealot x6  
  28  25:01  Zealot  
  28  25:02  Zealot x6  
  28  25:03  Zealot  
Show
View Real Time Build Order
Export as new Build Order

HighTreeson Zerg - Winner!

Build Orders: Hatch First 

Get SALT Encoding   

  12  0:03  Drone  
  13  0:13  Overlord  
  13  0:18  Drone  
  14  0:23  Extractor  
  14  0:24  Drone  
  15  0:32  Drone  
  16  0:38  Drone  
  17  0:57  Hatchery  
  17  1:00  Drone  
  17  1:08  Extractor, Drone  
  17  1:20  Spawning Pool  
  17  1:23  Drone  
  17  1:27  Drone  
  18  1:33  Drone  
  19  1:41  Drone  
  20  1:51  Overlord  
  20  2:02  Drone  
  21  2:09  Metabolic Boost  
  21  2:10  Queen  
  23  2:15  Queen  
  23  2:21  Drone  
  26  2:23  Drone  
  27  2:33  Drone  
  27  2:34  Drone  
  27  2:35  Drone  
  30  2:40  Drone  
  31  2:44  Overlord  
  31  2:50  Queen  
  33  3:00  Queen  
  33  3:02  Drone  
  35  3:08  Zergling x2  
  35  3:09  Drone x2  
  35  3:11  Zergling x2  
  39  3:15  Drone  
  40  3:37  Hatchery, Drone x4  
  40  3:38  Drone  
  44  3:46  Overlord x2  
  44  3:47  Extractor  
  43  3:51  Extractor  
  43  3:55  Extractor  
  41  3:56  Queen  
  41  4:02  Drone  
  44  4:06  Drone x3  
  46  4:11  Zergling x4  
  46  4:12  Zergling x4  
  49  4:27  Drone  
  49  4:28  Drone x5  
  55  4:38  Lair  
  55  4:48  Evolution Chamber  
  55  4:50  Drone x4  
  55  4:52  Evolution Chamber  
  57  5:10  Drone x6  
  63  5:21  Zerg Melee Weapons Level 1  
  63  5:22  Zerg Ground Armor Level 1  
  63  5:24  Queen, Overlord  
  63  5:25  Overlord  
  65  5:45  Zergling x12  
  65  5:46  Spire  
  70  5:54  Drone x4  
  70  5:55  Overlord  
  70  5:56  Overlord x2  
  74  6:15  Drone  
  74  6:16  Drone x6  
  81  6:23  Queen  
  83  6:40  Extractor  
  83  6:42  Extractor, Drone  
  83  6:43  Drone x12  
  83  6:45  Hatchery  
  93  6:59  Zergling x2  
  93  7:00  Zergling x8  
  98  7:08  Zerg Flyer Weapons Level 1, Overlord  
  98  7:09  Overlord x2  
  98  7:23  Overlord x2  
  98  7:29  Mutalisk  
  94  7:30  Mutalisk x7  
  107  7:42  Mutalisk x6  
  119  7:45  Zergling x4  
  117  8:01  Mutalisk x2  
  111  8:19  Zergling x20  
  120  8:20  Zergling x6  
  109  8:36  Zerg Ground Armor Level 2  
  109  8:38  Hydralisk Den, Zerg Melee Weapons Level 2  
  104  8:52  Drone  
  104  8:53  Drone x16  
  97  9:31  Drone x12  
  99  9:40  Mutalisk  
  100  9:54  Hydralisk x2  
  100  9:55  Hydralisk x5  
  114  10:00  Hydralisk  
  114  10:10  Hydralisk x3  
  114  10:12  Overlord  
  118  10:30  Queen  
  109  10:41  Zergling x2  
  109  10:42  Zergling x26  
  119  10:44  Drone  
  114  10:54  Mutalisk x3  
  116  10:57  Queen  
  118  11:08  Zerg Missile Weapons Level 1  
  118  11:11  Grooved Spines  
  118  11:13  Queen  
  118  11:15  Drone x8  
  128  11:19  Extractor  
  128  11:22  Extractor  
  126  11:29  Mutalisk  
  126  11:31  Overlord  
  126  11:32  Overlord x5  
  128  11:36  Hatchery  
  127  11:47  Drone  
  128  12:01  Mutalisk x11  
  128  12:02  Mutalisk  
  133  12:45  Mutalisk  
  133  12:46  Mutalisk x13  
  156  12:52  Drone x10  
  159  13:01  Mutalisk x2  
  163  13:09  Drone x2  
  163  13:10  Drone  
  165  13:42  Drone  
  165  13:43  Drone x8  
  165  13:45  Overlord x2  
  164  14:00  Hydralisk x6  
  172  14:05  Mutalisk  
  172  14:06  Mutalisk x2  
  174  14:17  Spore Crawler  
  168  14:23  Spore Crawler  
  165  14:34  Zergling x8  
  165  14:35  Zergling x12  
  171  14:51  Hydralisk x4  
  171  14:52  Hydralisk  
  159  15:10  Spore Crawler  
  158  15:14  Spore Crawler  
  158  15:15  Drone x8  
  165  15:29  Drone  
  165  15:30  Drone x6  
  172  15:53  Drone x9  
  172  15:54  Drone x5  
  184  16:11  Overlord x3  
  184  16:12  Overlord x2  
  167  16:35  Overlord x9  
  167  16:36  Overlord  
  167  16:48  Overlord x2  
  167  17:04  Drone x2  
  167  17:05  Drone x12  
  181  17:26  Queen  
  181  17:28  Queen  
  185  17:32  Corruptor  
  185  17:33  Corruptor x6  
  199  18:08  Infestation Pit  
  198  18:42  Zerg Missile Weapons Level 2  
  198  18:47  Hive  
  138  19:33  Zergling x2  
  138  19:34  Zergling x22  
  138  19:35  Zergling x30  
  143  19:41  Zergling x4  
  143  19:42  Zergling x4  
  145  20:04  Hatchery  
  137  20:08  Zergling x2  
  137  20:09  Zergling x10  
  137  20:10  Zergling x14  
  140  20:15  Zergling x10  
  141  20:35  Zergling x12  
  142  20:36  Zergling x14  
  142  20:38  Ultralisk Cavern  
  153  20:48  Zergling x2  
  153  20:49  Zergling x12  
  149  21:09  Zergling x2  
  149  21:10  Zergling x26  
  143  21:36  Ultralisk  
  143  21:37  Ultralisk x8  
  181  21:50  Corruptor x9  
  181  21:51  Corruptor  
  184  22:16  Ultralisk  
  184  22:17  Ultralisk  
  191  22:29  Mutalisk  
  179  22:30  Mutalisk x9  
  193  22:42  Mutalisk x8  
  179  23:08  Mutalisk x2  
  179  23:09  Mutalisk x4  
  179  23:12  Zergling x2  
  193  23:34  Zergling x10  
  193  23:35  Zergling x6  
  194  23:53  Greater Spire  
  194  24:06  Zergling x12  
  188  24:26  Zergling x2  
  188  24:27  Zergling x26  
  192  24:52  Zergling x12  
  192  24:53  Zergling x16  
Tags
 
Add a new tag
Caveats
  • Supply blocks, unpowered buildings, or Contaminate may cause inaccurate times.
  • Supply counts are checked every 10 seconds.